 Dungeon Crawl Stone Soup version 0.26.1-2-gb8aa6d0cf2 (webtiles) character file.

Game seed: 8768163358958018965

7796 nightchill the Slicer (level 11, 0/86 HPs)
             Began as a Vampire Gladiator on Mar 2, 2021.
             Was a Follower of Uskayaw.
             Slain by a troll (1 damage)
             ... on level 10 of the Dungeon.
             The game lasted 00:35:32 (10925 turns).

nightchill the Slicer (Vampire Gladiator)          Turns: 10925, Time: 00:35:32

Health: 0/86       AC: 10    Str: 13    XL:     11   Next: 1%
Magic:  11/15      EV: 11    Int: 15    God:    Uskayaw [*.....]
Gold:   813        SH:  0    Dex: 15    Spells: 10/10 levels left

rFire    + . .     SeeInvis +   Z - +1 short sword (vamp)
rCold    . . .     Faith    .   (no shield)
rNeg     . . .     Spirit   .   x - +0 scale mail
rPois    .         Reflect  .   U - +1 helmet
rElec    .         Harm     .   (no cloak)
rCorr    .         Rampage  .   y - +0 pair of gloves
Will     ++...                  G - +0 pair of boots
Stlth    +++.......             (no amulet)
HPRegen  0.44/turn              f - ring of willpower
MPRegen  0.14/turn              z - ring of protection from fire

@: regenerating quickly
A: fangs 3, see invisible, unbreathing
a: Exsanguinate, Renounce Religion, Stomp


You were on level 10 of the Dungeon.
You worshipped Uskayaw.
Uskayaw was noncommittal.
You visited 2 branches of the dungeon, and saw 11 of its levels.
You also visited: Ossuary.

You collected 813 gold pieces.

Inventory:

Hand Weapons
 a - a +0 short sword of electrocution
 b - a +4 rapier of venom
 q - a +0 long sword
 R - a +1 dagger of pain
 Z - a +1 vampiric short sword (weapon)
Missiles
 d - 4 throwing nets (quivered)
 o - 14 poisoned darts
 p - 12 atropa-tipped darts
 W - 6 boomerangs of dispersal
Armour
 c - a +0 helmet
 x - a +0 scale mail (worn)
 y - a +0 pair of gloves (worn)
 G - a +0 pair of boots (worn)
 H - a +0 kite shield
 U - a +1 helmet (worn)
Magical Staves
 L - an uncursed staff of death {unknown}
Jewellery
 f - a ring of willpower (left hand)
 z - a ring of protection from fire (right hand)
 F - a cursed ring of protection from cold {unknown}
 M - an uncursed ring of protection from fire
 P - an uncursed ring of see invisible {unknown}
 Q - an uncursed ring of stealth {unknown}
Wands
 s - a wand of random effects (16)
 B - a wand of acid (9)
 D - a wand of flame (12)
 J - a wand of iceblast (8)
 Y - a wand of disintegration (5)
Scrolls
 e - 2 scrolls of immolation {unknown}
 j - 2 scrolls of magic mapping {unknown}
 m - 10 scrolls of teleportation {unknown}
 r - 3 scrolls of remove curse {unknown}
 u - 2 scrolls of blinking
 w - a scroll of noise {unknown}
 E - 2 scrolls of enchant weapon {unknown}
 I - 3 scrolls of amnesia {unknown}
 K - a scroll of enchant armour {unknown}
 S - a scroll of fog {unknown}
 V - a scroll of fear {unknown}
 X - 2 scrolls of random uselessness {unknown}
Potions
 g - 3 potions of cancellation
 h - 6 potions of flight
 i - a potion of brilliance {unknown}
 k - 4 potions of haste
 l - a potion of lignification
 n - 2 potions of heal wounds {unknown}
 t - a potion of degeneration {unknown}
 v - 6 potions of curing
 A - 2 potions of mutation {unknown}
 C - a potion of attraction {unknown}
 N - a potion of ambrosia {unknown}
 O - a potion of berserk rage {unknown}
 T - a potion of magic {unknown}


   Skills:
 + Level 8.0 Fighting
 - Level 11.6(12.0) Short Blades
 - Level 4.0(8.1) Long Blades
 - Level 1.5 Throwing
 + Level 4.5 Dodging
 + Level 8.8 Stealth
 + Level 6.4 Invocations


You had 10 spell levels left.
You didn't know any spells.
Your spell library contained the following spells:

 Spells                   Type           Power        Failure   Level
 Beastly Appendage        Tmut           0%           80%         1
 Corona                   Hex            0%           80%         1
 Ensorcelled Hibernation  Hex/Ice        0%           90%         2
 Wereblood                Tmut           0%           90%         2
 Confusing Touch          Hex            0%           99%         3
 Dazzling Flash           Conj/Hex       0%           99%         3
 Spider Form              Tmut/Pois      0%           99%         3
 Tukima's Dance           Hex            0%           99%         3
 Ice Form                 Ice/Tmut       0%           100%        4
 Blade Hands              Tmut           0%           100%        5


Dungeon Overview and Level Annotations

Branches:
Dungeon (10/15)            Temple (1/1) D:4            Lair (0/6) D:8
Ossuary (visited)
    Orc: D:9-12

Altars:
Ashenzari
Cheibriados
Dithmenos
Elyvilon
Fedhas
Gozag
Hepliaklqana
Kikubaaqudgha
Makhleb
Okawaru
Qazlal
Ru
Trog
Uskayaw
Vehumet
Xom
Yredelemnul
Zin
The Shining One

Shops:
D:6 *

Annotations:
D:7 exclusion: downstairs
D:8 3 runed translucent doors, exclusion: oklob plant, Alarak's ghost, novice DECj


Innate Abilities, Weirdness & Mutations

Your natural rate of healing is unusually fast.
You have razor-sharp teeth.
You have supernaturally acute eyesight. (SInv)
You can survive without breathing.


Message History

You can no longer pass through a line of other dancers.
The troll bites you but does no damage. The troll completely misses you.
The troll claws you.
* * * LOW HITPOINT WARNING * * *
You hit the troll.
You feel better.
The troll is severely wounded.
The troll seems less confused.
The troll barely misses you. The troll claws you!
* * * LOW HITPOINT WARNING * * *
The troll claws you.
* * * LOW HITPOINT WARNING * * *
You closely miss the troll.
The troll is severely wounded.
Okay, then.
You barely miss the troll. Your bite misses the troll.
The troll is severely wounded.
The troll bites you!
* * * LOW HITPOINT WARNING * * *
The troll claws you but does no damage. The troll claws you.
You die...

# ...# #. #..#
#.###..#
#......#
#......#
#<.....#####..
#.......>...#
#...T@...#
#........##
#...........#
#.<.<########
#.##.# #. ..#
#....# #.....
#..#..


You could see a troll.

Vanquished Creatures
  Pikel (D:4)
  2 centaur skeletons (D:8)
  2 hellwings (D:8)
  Grinder (D:4)
  Sigmund (D:5)
  5 yaks (D:9)
  A wyvern (D:9)
  Duvessa (D:6)
  A hornet zombie (D:8)
  An orc warrior (D:8)
  A phantom (D:6)
  3 sky beasts
  An ice beast (D:7)
  2 ogres (D:4)
  3 centaurs
  3 lemures (D:4)
  A big kobold (D:9)
  10 bullfrogs
  An elf zombie (Ossuary)
  Dowan (D:6)
  A water moccasin zombie (D:6)
  A scorpion (D:9)
  A water moccasin skeleton (D:5)
  3 wights (D:6)
  3 jellies
  A bullfrog zombie (D:6)
  7 centaur zombies
  2 quasits
  7 hounds
  8 orc wizards
  7 orc priests
  Natasha (thrice) (D:4)
  2 bullfrog skeletons
  Terence (D:3)
  2 iguanas (D:5)
  2 worker ants
  2 killer bee zombies
  3 big kobold zombies (Ossuary)
  3 hound skeletons
  2 mummies (Ossuary)
  3 gnolls (D:3)
  A howler monkey skeleton (D:7)
  11 adders
  7 shadow imps
  2 white imps (D:7)
  2 oozes (D:1)
  2 adder skeletons (D:5)
  6 worms
  A dart slug (D:2)
  2 leopard geckos
  31 orcs
  10 bats
  4 giant cockroaches
  9 goblins
  13 hobgoblins
  7 jackals
  13 kobolds
  5 quokkas
  5 frilled lizards
  3 gnoll zombies (Ossuary)
  3 goblin zombies (Ossuary)
  A hobgoblin zombie (Ossuary)
  A leopard gecko skeleton (D:5)
  A leopard gecko zombie (D:7)
  2 orc zombies (Ossuary)
  A quokka skeleton (D:5)
  7 rats
256 creatures vanquished.

Vanquished Creatures (others)
  Eustachio (D:4)
  10 fungi (D:8)
  9 plants (D:8)
  11 withered plants (D:8)
31 creatures vanquished.

Grand Total: 287 creatures vanquished

Notes
Turn   | Place    | Note
-------+----------+-------------------------------------------
     0 | D:1      | nightchill the Vampire Gladiator began the quest for the
                  | Orb.
     0 | D:1      | Reached XP level 1. HP: 16/16 MP: 1/1
    56 | D:1      | Reached XP level 2. HP: 18/22 MP: 2/2
   316 | D:1      | Reached XP level 3. HP: 22/27 MP: 3/3
  1075 | D:2      | Reached skill level 1 in Short Blades
  1141 | D:2      | Reached XP level 4. HP: 27/34 MP: 4/4
  1148 | D:2      | Reached skill level 2 in Short Blades
  1292 | D:2      | Found a faded altar of an unknown god.
  1900 | D:3      | Reached XP level 5. HP: 37/41 MP: 5/5
  1902 | D:3      | Reached skill level 3 in Short Blades
  2364 | D:3      | Noticed Terence
  2372 | D:3      | Killed Terence
  2373 | D:3      | Reached skill level 4 in Short Blades
  2525 | D:3      | Reached XP level 6. HP: 22/47 MP: 6/6
  2993 | D:4      | Found a sand-covered staircase.
  2999 | Ossuary  | Entered an ossuary
  3199 | Ossuary  | Reached skill level 5 in Short Blades
  3469 | D:4      | Noticed Grinder
  3547 | D:4      | Noticed Natasha
  3554 | D:4      | Killed Natasha
  3595 | D:4      | Killed Grinder
  3596 | D:4      | Reached skill level 6 in Short Blades
  3596 | D:4      | Reached XP level 7. HP: 55/55 MP: 7/7
  3693 | D:4      | Found a staircase to the Ecumenical Temple.
  3704 | Temple   | Entered the Ecumenical Temple
  3809 | Temple   | Became a worshipper of Uskayaw the Reveller
  3845 | D:4      | Noticed Pikel
  3901 | D:4      | Reached * piety under Uskayaw
  3903 | D:4      | Killed Pikel
  3903 | D:4      | Reached ** piety under Uskayaw
  3904 | D:4      | Reached skill level 5 in Fighting
  3904 | D:4      | Reached skill level 7 in Short Blades
  3904 | D:4      | Reached XP level 8. HP: 53/62 MP: 7/9
  4194 | D:4      | Noticed Natasha
  4201 | D:4      | Killed Natasha
  4383 | D:4      | Noticed Eustachio
  4424 | D:4      | HP: 3/62 [Eustachio/+4 rapier of venom (7)]
  4424 | D:4      | Killed Eustachio
  4654 | D:4      | Noticed Natasha
  4658 | D:4      | Killed Natasha
  4659 | D:4      | Reached skill level 8 in Short Blades
  5316 | D:5      | Entered Level 5 of the Dungeon
  6142 | D:5      | Reached skill level 9 in Short Blades
  6231 | D:5      | Noticed Sigmund
  6254 | D:5      | Killed Sigmund
  6279 | D:5      | Reached *** piety under Uskayaw
  6281 | D:5      | Reached XP level 9. HP: 64/69 MP: 11/11
  6516 | D:6      | Reached skill level 1 in Stealth
  6556 | D:6      | Found Yceitadd's Assorted Antiques.
  6577 | D:6      | Noticed Duvessa
  6577 | D:6      | Noticed Dowan
  6583 | D:6      | Killed Duvessa
  6588 | D:6      | Killed Dowan
  6868 | D:6      | Found a glowing silver altar of Zin.
  6868 | D:6      | Found an opulent altar of Gozag.
  6990 | D:6      | Reached skill level 10 in Short Blades
  7576 | D:7      | Found an opulent altar of Gozag.
  7710 | D:7      | Found a broken altar of Ashenzari.
  7710 | D:7      | Found a bloodstained altar of Trog.
  7714 | D:7      | Found a shimmering altar of Xom.
  8437 | D:8      | Noticed a hellwing
  8440 | D:8      | Noticed a hellwing
  8536 | D:8      | Reached skill level 5 in Stealth
  8689 | D:8      | Found a white marble altar of Elyvilon.
  8792 | D:8      | Found a shimmering altar of Xom.
  8792 | D:8      | Noticed an oklob plant
  8820 | D:8      | Reached XP level 10. HP: 65/79 MP: 13/13
  8878 | D:8      | Reached skill level 5 in Invocations
  9016 | D:8      | Reached **** piety under Uskayaw
  9019 | D:8      | Reached skill level 11 in Short Blades
  9037 | D:8      | Reached ***** piety under Uskayaw
  9405 | D:8      | Found a runed translucent gate.
  9406 | D:8      | Found a runed translucent gate.
  9407 | D:8      | Found a runed translucent gate.
  9413 | D:8      | Noticed Alarak's ghost (novice DECj)
  9826 | D:8      | Found a staircase to the Lair.
 10648 | D:9      | Reached XP level 11. HP: 83/86 MP: 15/15
 10900 | D:10     | Entered Level 10 of the Dungeon
 10925 | D:10     | HP: 1/86 [troll (10)]
 10925 | D:10     | Slain by a troll

Illustrated notes

Levels and vault maps discovered:
D:1:      nicolae_arrival_somewhat_less_tricky_arrival, layout_basic
D:2:      layout_basic, chequers_ecumenical_altar_simple_redux
D:3:      layout_basic, uniq_terence
D:4:      layout_layer_cave, temple_pool_b, nicolae_ossuary_entry_plus,
          uniq_grinder, uniq_natasha, uniq_pikel, uniq_eustachio
D:5:      layout_gridville, sigmund_army, uniq_sigmund
D:6:      layout_gridville, grunt_temple_overflow_gold_and_silver, serial_shops,
          shop_fountains, uniq_duvessa
D:7:      layout_loops_ring, gammafunk_temple_overflow_forgotten, basic_altar,
          columned_hall_lemuel
D:8:      cheibrodos_grave_circle, layout_cave_pods,
          nicolae_overflow_crystal_walls, grunt_lair_entry_orc_guard_hut,
          gammafunk_ghost_split, minivault_23, lemuel_oklob_altar
D:9:      layout_basic
D:10:     layout_stronghold, grunt_qazlal_clouds, uniq_grum
Temple:   regret_index_temple_sphere_string

Skill      XL: |  1  2  3  4  5  6  7  8  9 10 |
---------------+-------------------------------+-----
Fighting       | 2 3 4 5 6 7 8 |  8.0
Long Blades    | 4 |  4.0
Short Blades   | 1 2 4 6 7 9 10 11 | 11.6
Invocations    | 2 3 4 6 |  6.4
Stealth        | 5 8 |  8.8
Dodging        | 4 |  4.5
Throwing       | |  1.5

Action                   |  1- 3 |  4- 6 |  7- 9 | 10-12 || total
-------------------------+-------+-------+-------+-------++-------
Melee: Long sword        |    81 |   125 |       |       ||   206
       Bite              |    19 |    36 |    35 |    44 ||   134
       Short sword       |       |    90 |   482 |   314 ||   886
       Rapier            |       |       |     3 |       ||     3
Invok: Line Pass         |       |       |     3 |     6 ||     9
Evoke: Wand              |       |     2 |     3 |       ||     5
  Use: Scroll            |       |     2 |     3 |     1 ||     6
       Potion            |       |       |     4 |     1 ||     5
 Stab: Sleeping          |     2 |     1 |     1 |     1 ||     5
       Paralysed         |       |       |     6 |    10 ||    16
       Invisible         |       |       |     2 |     3 ||     5
       Confused          |       |       |       |     2 ||     2
Armor: Leather armour    |    21 |    14 |       |       ||    35
       Scale mail        |       |    65 |   148 |    88 ||   301
Dodge: Dodged            |    62 |   114 |   193 |   106 ||   475
       Rpst.: Long sword |    17 |    26 |       |       ||    43
